 Dungeon Crawl Stone Soup version 0.31.0-12-g77e489cdc1 (webtiles) character file.

Game seed: 3109956603762691013

74 Killerpretzel the Changeling (level 4, 0/29 HPs)
             Began as an Octopode Shapeshifter on Feb 12, 2024.
             Slain by an adder (3 damage)
             ... on level 3 of the Dungeon.
             The game lasted 00:01:44 (1488 turns).

Killerpretzel the Changeling (OpSh)                 Turns: 1488, Time: 00:01:45

Health: 0/29       AC:  1    Str: 13    XL:     4   Next: 30%
Magic:  4/4        EV: 13    Int: 12    God:
Gold:   168        SH:  0    Dex: 13    Spells: 3/3 levels left

rFire   . .          .
                       - Unarmed
rCold   . . .        (no shield)
rNeg    . . .        (helmet currently unavailable)
rPois   .            (no amulet)
rElec   .            (no ring)
rCorr   .            (no ring)
SInv    .            (no ring)
Will    .....        (no ring)
Stlth   ++           (no ring)
HPRegen 0.24/turn    (no ring)
MPRegen 0.09/turn    (no ring)
                     (no ring)

%: no passive effects
@: lethally poisoned (0 -> -9), beast-form
A: beast (slay +2), almost no armour, amphibious, 8 rings, camouflage 1,
gelatinous body 1, (nimble swimmer 1), tentacles
a: Begin Untransformation


You were on level 3 of the Dungeon.
You were a hulking beast.
You visited 1 branch of the dungeon, and saw 3 of its levels.

You collected 168 gold pieces.

Inventory:

Talismans
 b - a beast talisman
 c - a flux talisman
Scrolls
 i - a scroll of vulnerability
Potions
 a - a potion of lignification
 e - a potion of mutation
 f - a potion of heal wounds
 g - a potion of haste {unknown}


   Skills:
 + Level 1.9 Fighting
 + Level 2.6 Dodging
 + Level 3.4 Unarmed Combat
 * Level 3.7 Shapeshifting


You had 3 spell levels left.
You didn't know any spells.
Your spell library contained the following spells:

 Spells                   Type           Power      Damage    Failure   Level
 Sting                    Conj/Alch      0%         1d3       32%         1
 Mercury Vapours          Alch/Air       0%         N/A       45%         2
 Olgreb's Toxic Radiance  Alch           0%         N/A       97%         4


Dungeon Overview and Level Annotations

Branches:
Dungeon (3/15)

Altars:
Xom


Innate Abilities, Weirdness & Mutations

You are a hulking beast.
Your limbs bulge with bestial killing power. (Slay +2)
You cannot wear most types of armour.
You are amphibious.
You can wear up to eight rings at the same time.
Your skin changes colour to match your surroundings (Stealth+).
Your rubbery body absorbs attacks. (AC +1, EV +1)
((You are camouflaged when in or above water. (Stealth+)))
You have tentacles for arms and can constrict up to eight enemies at once.


Message History

An orc comes into view. It is wielding a +0 club.
The orc shouts!
The adder hisses angrily.
The orc throws a boomerang.
The boomerang misses you.
A giant cockroach comes into view.
The orc throws a boomerang.
The boomerang barely misses you.
The orc throws a boomerang.
The boomerang hits you. The orc hits you with a +0 club.
You miss the adder. Your grab misses the adder. The adder misses you.
The orc misses you.
You tentacle-slap the adder. Your grab misses the adder.
Your squeeze misses the adder.
The adder is moderately wounded.
The adder misses you.
You barely miss the adder. You grab the adder.
The adder is moderately wounded.
You constrict the adder. The adder bites you.
You are poisoned.
The adder poisons you! The orc hits you with a +0 club. The adder bites you.
You are lethally poisoned!
The adder poisons you!
You are too injured to fight recklessly!
You are too injured to fight recklessly!
You are too injured to fight recklessly!
There is a lethal amount of poison in your body!
You tentacle-slap the orc. You grab the orc.
The orc is heavily wounded.
You constrict the orc, but do no damage.
You constrict the adder.
You feel very sick. The orc closely misses you.
The giant cockroach closely misses you. The adder closely misses you.
You tentacle-slap the orc.
The orc is heavily wounded.
You constrict the orc, but do no damage.
You constrict the adder.
* * * LOW HITPOINT WARNING * * *
You feel sick. The orc hits you with a +0 club.
* * * LOW HITPOINT WARNING * * *
The giant cockroach barely misses you. The adder bites you.
You die...

.?. .... .....
..... ##
.....#######.#
........o....##
..###..h#......
......SB.#.#
.####......#####
........<.......
..###.#...##...#
#.#......#..
...#.......
#...#...###.#
.#....#.. .


You could see an adder, an orc and a giant cockroach.

Vanquished Creatures
  4 adders (D:2)
  4 bats
  An endoplasm (D:2)
  A giant cockroach (D:1)
  5 goblins
  4 hobgoblins
  2 jackals (D:1)
  2 quokkas (D:2)
  A ball python (D:2)
  5 frilled lizards
  2 kobolds
  7 rats
38 creatures vanquished.

Notes
Turn   | Place    | Note
-------+----------+-------------------------------------------
     0 | D:1      | Killerpretzel the Octopode Shapeshifter began the quest for
                  | the Orb.
     0 | D:1      | Reached XP level 1. HP: 13/13 MP: 1/1
   184 | D:1      | Reached XP level 2. HP: 18/18 MP: 2/2
   542 | D:2      | Reached XP level 3. HP: 18/23 MP: 3/3
   910 | D:2      | Found a faded altar of an unknown god.
   929 | D:2      | Reached XP level 4. HP: 29/29 MP: 4/4
  1042 | D:2      | Found a shimmering altar of Xom.
  1488 | D:3      | Slain by an adder

Illustrated notes

Levels and vault maps discovered:
D:1:      lemuel_arrival_muddy, layout_rooms, grunt_decor_resistance
D:2:      minmay_skewed_foursquare, layout_loops_ring,
          shapermc_ecumenical_altar_mp_ritualfount, basic_altar, minmay_domino_2
D:3:      layout_rooms, nicolae_dithmenos_shadow_blocks,
          mainiacjoe_overflow_chevrons

Action                     |  1- 3 |  4- 6 || total
---------------------------+-------+-------++-------
  Melee: Unarmed           |    65 |    18 ||    83
         Constrict         |    17 |     7 ||    24
         Tentacles         |     9 |     2 ||    11
         Punch             |     2 |       ||     2
    Use: Scroll            |     6 |     3 ||     9
   Stab: Sleeping          |     5 |     2 ||     7
 Armour: Skin              |    29 |    14 ||    43
  Dodge: Dodged            |    35 |    12 ||    47
